 Dungeon Crawl Stone Soup version 0.31-a0-532-g28f74ba3e5 (webtiles) character file.

Game seed: 3648528901680064633

4 duskshroud the Chopper (level 1, -1/20 HPs)
             Began as a Minotaur Berserker on Aug 12, 2023.
             Was a Follower of Trog.
             Slain by a gnoll
             ... wielding a +0 spear
              (9 damage)
             ... on level 1 of the Dungeon.
             The game lasted 00:00:23 (112 turns).

duskshroud the Chopper (Minotaur Berserker)          Turns: 112, Time: 00:00:23

Health: -1/20      AC:  2    Str: 21    XL:     1   Next: 58%
Magic:  0/0        EV: 12    Int:  4    God:    Trog [*.....]
Gold:   0          SH:  0    Dex:  9    Spells: 0/0 levels left

rFire   . . .        a - +0 hand axe
rCold   . . .        (no shield)
rNeg    . . .        b - +0 animal skin
rPois   .            (helmet restricted)
rElec   .            (no cloak)
rCorr   .            (no gloves)
SInv    .            (no boots)
Will    .....        (no amulet)
Stlth   +            (no ring)
HPRegen 0.23/turn    (no ring)
MPRegen 0.07/turn

%: no passive effects
@: no status effects
A: horns 2, retaliatory headbutt
a: Renounce Religion, Berserk


You were on level 1 of the Dungeon.
You worshipped Trog.
Trog was aware of your devotion.
You visited 1 branch of the dungeon, and saw 1 of its levels.

Inventory:

Hand Weapons
 a - a +0 hand axe (weapon)
Armour
 b - a +0 animal skin (worn)
Scrolls
 c - a scroll of identify {unknown}


   Skills:
 + Level 3.8 Fighting
 * Level 3.9 Axes
 - Level 2.4 Armour
 - Level 2.1 Dodging


You couldn't memorise any spells.
You didn't know any spells.
Your spell library was empty.

Dungeon Overview and Level Annotations

Branches:
Dungeon (1/15)

Altars:


Innate Abilities, Weirdness & Mutations

You have a pair of horns on your head.
You reflexively headbutt those who attack you in melee.


Message History

A bat comes into view.
The bat hits you but does no damage.
You closely miss the bat. The bat hits you.
You hit the bat.
The bat is moderately wounded.
The bat hits you but does no damage.
You closely miss the bat.
The bat is moderately wounded.
The bat misses you. The bat barely misses you.
You hit the bat.
The bat is heavily wounded.
The bat barely misses you. The bat barely misses you.
The bat hits you but does no damage. The bat hits you.
You hit the bat but do no damage. Your headbutt misses the bat.
The bat is heavily wounded.
The bat closely misses you. You furiously retaliate!
You headbutt the bat!
You kill the bat!
Trog accepts your kill.
No target in view!
c - a scroll labelled MAOLOSTRUAJ You open the door.
There is an open door here.
A frilled lizard comes into view.
The frilled lizard hisses angrily.
The frilled lizard completely misses you.
You furiously retaliate!
You headbutt the frilled lizard!
You kill the frilled lizard!
Trog accepts your kill.
No target in view!
No target in view!
You open the door.
There is an open door here.
A gnoll comes into view. It is wielding a +0 spear.
The gnoll shouts!
The gnoll hits you from afar with a +0 spear.
The gnoll hits you from afar with a +0 spear!
The gnoll hits you with a +0 spear!
You die...

######### #####.##
........# #.......
).......###########.....#.
........'............>....
..#####.#############'#...
#.....#.## #.....
#~.....~..## #.####
.~~...~.~#.# #.....
.~.~~~.~g@#.# #.####
~~~≈≈.~...#.# #.#
..≈_.≈....#.# #.#
~~~≈≈.~...#.# #.#
~.~~~.~..#.# ###.####
~...~.~#.## #.......
..?..~. # #....... .....#.
#....... #.......


You could see a gnoll.

Vanquished Creatures
  A goblin (D:1)
  2 bats (D:1)
  A frilled lizard (D:1)
  A kobold (D:1)
5 creatures vanquished.

Notes
Turn   | Place    | Note
-------+----------+-------------------------------------------
     0 | D:1      | duskshroud the Minotaur Berserker began the quest for the
                  | Orb.
     0 | D:1      | Reached XP level 1. HP: 19/19 MP: 0/0
   106 | D:1      | Found a faded altar of an unknown god.
   112 | D:1      | Slain by a gnoll

Illustrated notes

Levels and vault maps discovered:
D:1:      eino_arrival_druids_welcome, layout_basic,
          shapermc_ecumenical_altar_starsandcircs, serial_shops,
          nicolae_shop_crystal, supply_closet_lemuel

Action                     || total
---------------------------++-------
  Melee: Hand axe          ||    11
 Armour: Animal skin       ||     6
  Dodge: Dodged            ||     9

Table legend: (Time is in decaauts)
 A = Elapsed time spent in this place.
 B = Non-inter-level travel time spent in this place.
 C = Inter-level travel time spent in this place.
 D = Time resting spent in this place.
 E = Time spent auto-exploring this place.
 F = Levels seen in this place.
 G = Mean time per level.
                   A        B        C        D        E       F      G
               +--------+--------+--------+--------+--------+-----+--------+
         Total |    113 |    113 |      0 |      0 |     82 |   1 |  113.0 |
       Dungeon |    113 |    113 |      0 |      0 |     82 |   1 |  113.0 |
               +--------+--------+--------+--------+--------+-----+--------+

Top non-repeatable levels by time:
     D:1: 113 daAuts
